Orko, chaotic male orcish Wizard ----------- |......<..| --------------- |.........| |.............| |.........+ |.............. +.........| ##..............| ---------.-# # ------.-------- # ### # ### # ### # #### ##### ### # -.----- # ### |.....|# ------- ### # |.....|# #......| # # |......########|...... --|---# -....@|########+.....| |....|# |...o_| |.....| |....|# |.....| ------- |....|# ------- |.....# ------ Orko the Evoker Experience level: 2 Strength: 9 Dexterity: 18 Constitution: 16 Intelligence: 16 Wisdom: 9 Charisma: 7 Health: 0(16) Energy: 13(18) Def: 1 Gold: 60 Moves: 581 Dungeon seed: OW2naPfZf1wfewpW Game ID: Orko_1570926504 Your Inventory: Boulders/Statues e - an uncursed statue of a newt Rings C - an uncursed ring of searching (on left hand) D - an uncursed +1 ring of increase damage (on right hand) Armor n - an uncursed +0 cloak of magic resistance (being worn) Weapons a - an uncursed +0 axe (weapon in hand) b - a blessed +1 quarterstaff (alternate weapon; not wielded) A - an uncursed +0 dagger Wands B - an uncursed wand of undead turning (0:5) Potions F - an uncursed potion of healing G - an uncursed potion of fruit juice H - an uncursed potion of restore ability Scrolls o - an uncursed scroll of identify y - an uncursed scroll of light I - an uncursed scroll of teleportation K - an uncursed scroll of enchant weapon Comestibles z - an uncursed food ration Gems q - 13 uncursed rocks (in quiver) r - an uncursed worthless piece of white glass named <@ 2+ Coins $ - 60 gold pieces Spells and supernatural/magical abilities: Name Level Category Fail Memory a - force bolt 1 attack 0% 98% w - wizard lock 2 matter 76% 99% O - create monster 2 clerical 76% 98% W - pray for help -- divine ? -- Your skills at the end: Fighting Skills Weapon Skills quarterstaff [Basic] Spellcasting Skills attack spells [Basic] enchantment spells [Basic] Final Attributes: You were piously aligned. You were poison resistant. You were magic-protected. You were hallucinating. You had automatic searching. You had infravision. You had a +1 damage bonus. You were lucky. You are dead. Vanquished creatures: a yellow mold a gecko a jackal a fox a kobold 2 grid bugs 2 lichens and a partridge in a pear tree 9 creatures vanquished. Voluntary challenges: You were an atheist. You used a wielded weapon 11 times, starting on turn 135. You read items or engraved 3 times, starting on turn 329. You never genocided any monsters. You never polymorphed an object. You never changed form. You used no wishes. You never split a pudding. You never wrote Elbereth's name. You never violated your personal moral code. You abstained from Elbereth's help. You werepermanently hallucinating. Dungeon overview: The Dungeons of Doom: levels 1 to 4 Level 1 many fountains a long staircase Level 2 a scroll shop Level 3 Level 4 <- You were here an altar to Anhur History has recorded: On T:1 you entered the Dungeons of Doom to retrieve the Amulet of Yendor! On T:243 you reached level 2 of The Dungeons of Doom. On T:415 you reached level 3 of The Dungeons of Doom. On T:474 you reached level 4 of The Dungeons of Doom. On T:491 you advanced to experience level 2. Score breakdown: Gold: 60 ( 6073 points) Experience: 2 levels ( 5570 points) Exploration: 4 levels ( 8.16%) ( 7500 points) Discoveries: 3 items ( 1.09%) ( 3127 points) Valuables value: (no points given unless you survive) Artifact value: 0 ( 0 points) Variety of kills: 7 monsters ( 1.84%) ( 4066 points) Turncount: 581 turns ( 0 points) Survival: died (score multiplied by 80%) Total score: 21068 Latest messages: It doesn't seem as poisonous as you thought... This yellow mold corpse tastes terrible! You finish eating the yellow mold corpse. Oh wow! Great stuff! b - a blessed +1 quarterstaff (weapon in hands). You see here a scroll labeled TEMOV. The killer penguin wields a dagger! The winter wolf cub throws a dagger! You are hit! A - a dagger. The lizard hits! You see here a scroll labeled TEMOV. You are now wielding your axe. b - a blessed +1 quarterstaff (alternate weapon; not wielded). You hit it. You miss it. The guardian naga hatchling hits! You miss it. The iron golem hits! The spell misses it. The wererat hits! You die... The statue of a newt is empty. The statue of a newt is empty. Final status: Goodbye Orko the Wizard, killed by a hallucinogen-distorted hobbit... You died in The Dungeons of Doom on dungeon level 4 with 21068 points, and 60 pieces of gold, after 581 moves. You were level 2 with a maximum of 16 hit points when you died.